[Event "Titled Tuesday Blitz August 24 2021"]
[White "Demin, Vladimir"]
[Black "ChessMood"]
[WhiteFideId "4167457"]
[WhiteElo "2541"]
[BlackElo "2805"]
[Result "0-1"]
[Round "02"]
[TimeControl "180+1"]
[Date "2021.08.24"]
[WhiteClock "0:00:05"]
[BlackClock "0:01:19"]

1. e4 c5 2. Nf3 d6 3. d4 cxd4 4. Qxd4 a6 5. Be3 Nc6 6. Qd2 Bg4 7. Nd4 Nf6 8. Nc3 Rc8 9. h3 Bd7 10. g4 Nxd4 11. Qxd4 Bc6 12. Bg2 g6 13. g5 e5 14. Qb6 Qxb6 15. Bxb6 Nh5 16. Be3 h6 17. h4 Nf4 18. Bxf4 exf4 19. O-O-O hxg5 20. hxg5 Rxh1 21. Bxh1 Be7 22. Bf3 Bxg5 23. Rxd6 Ke7 24. Rd1 Rd8 25. Nd5+ Ke6 26. c4 Ke5 27. Kc2 Bh4 28. Rd2 a5 29. b3 b5 30. cxb5 Bxb5 31. Kb2 Be7 32. a3 Bc5 33. Ka2 Bd4 34. Rc2 f5 35. exf5 gxf5 36. Nc7 Bd3 37. Rc6 Rd6 38. Rxd6 Kxd6 39. Ne8+ Ke5 40. b4 a4 41. Nc7 Bc4+ 42. Kb1 Bb6 43. Ne8 Bxf2 44. Bc6 Bd3+ 45. Kc1 Be4 46. Bxa4 f3 47. Kd1 Bd4 48. Bb5 Kf4 49. a4 f2 50. Bf1 Ke3 51. a5 Bd3 52. Bg2 f1=Q+ 53. Bxf1 Bxf1 54. Nc7 Be5 55. Nd5+ Ke4 0-1


[Site "https://www.chess.com"]

[Event "Titled Tuesday Blitz August 24 2021"]
[White "Wagner, Dinara"]
[Black "Yanchenko, Roman"]
[WhiteFideId "24157570"]
[BlackFideId "4137329"]
[WhiteElo "2260"]
[BlackElo "2514"]
[Result "0-1"]
[Round "02"]
[TimeControl "180+1"]
[Date "2021.08.24"]
[WhiteClock "0:00:13"]
[BlackClock "0:00:49"]

1. d4 d5 2. c4 c6 3. Nf3 Nf6 4. g3 Bf5 5. Nc3 e6 6. Nh4 Be4 7. f3 Bg6 8. Qb3 Qb6 9. c5 Qc7 10. Bf4 Qc8 11. O-O-O Nbd7 12. e4 dxe4 13. Nxg6 hxg6 14. fxe4 b6 15. cxb6 axb6 16. Bc4 Be7 17. e5 Nd5 18. Ne4 b5 19. Bxd5 cxd5+ 20. Nc5 Nxc5 21. dxc5 Qxc5+ 22. Kb1 Qc4 23. Rd3 O-O 24. Rc1 Qe4 25. Ka1 Rfc8 26. Rdc3 Rxc3 27. Rxc3 g5 28. Bd2 Qxe5 29. Qxb5 Bf6 30. a4 Qd4 31. Qe2 Qxa4+ 32. Kb1 Bxc3 33. Bxc3 d4 34. Qe4 0-1


[Site "https://www.chess.com"]

[Event "Titled Tuesday Blitz August 24 2021"]
[White "Dushyant Sharma"]
[Black "Kobalia, Mikhail"]
[WhiteFideId "25065130"]
[BlackFideId "4119150"]
[WhiteElo "2538"]
[BlackElo "2799"]
[Result "0-1"]
[Round "02"]
[TimeControl "180+1"]
[Date "2021.08.24"]
[WhiteClock "0:00:16"]
[BlackClock "0:01:35"]

1. e4 c6 2. d4 d5 3. Nc3 dxe4 4. Nxe4 Bf5 5. Ng3 Bg6 6. h4 h6 7. Nf3 e6 8. h5 Bh7 9. Bd3 Bxd3 10. Qxd3 Nf6 11. Bd2 Nbd7 12. O-O-O Be7 13. Ne4 Qb6 14. Kb1 Rd8 15. c4 O-O 16. Bc3 c5 17. d5 Nxe4 18. Qxe4 Bf6 19. Ne5 exd5 20. Rxd5 Nxe5 21. Bxe5 Bxe5 22. Qxe5 Rde8 23. Qc3 Re2 24. Rd2 Rxd2 25. Qxd2 Rd8 26. Qe2 Qf6 27. a3 Qf5+ 28. Ka2 a6 29. g4 Qf4 30. f3 Rd2 31. Qe8+ Kh7 32. Rc1 Qxf3 33. Rc3 Qxc3 34. Qe4+ g6 35. hxg6+ fxg6 0-1


[Site "https://www.chess.com"]

[Event "Titled Tuesday Blitz August 24 2021"]
[White "Escalante Ramirez, Brian Sebasti"]
[Black "Sarkar, Justin"]
[WhiteFideId "3819566"]
[BlackFideId "2010011"]
[WhiteElo "2214"]
[BlackElo "2094"]
[Result "0-1"]
[Round "02"]
[TimeControl "180+1"]
[Date "2021.08.24"]
[WhiteClock "0:00:16"]
[BlackClock "0:00:08"]

1. e4 c5 2. Nf3 e6 3. b3 Nc6 4. Bb2 Nf6 5. e5 Nd5 6. Nc3 Nxc3 7. dxc3 d6 8. exd6 Bxd6 9. Qd2 Be7 10. Bd3 O-O 11. O-O-O e5 12. h4 a5 13. Kb1 a4 14. Qe3 Qc7 15. c4 axb3 16. axb3 Bg4 17. Qe4 f5 18. Qd5+ Kh8 19. Nxe5 Bxd1 20. h5 Nxe5 21. Bxe5 Qxe5 22. Qxe5 Bf6 23. Qxf6 Rxf6 24. Rxd1 Rd8 25. Re1 Kg8 26. Re5 b6 27. Bxf5 Rd2 28. g4 Rxf2 29. Re8+ Kf7 30. Rb8 g6 31. Rb7+ Kf8 32. hxg6 hxg6 33. Bd3 Rg2 34. Kb2 Rxg4 35. Kc3 g5 36. b4 cxb4+ 37. Kxb4 Rg1 38. Be4 g4 39. Rb8+ Ke7 40. Rb7+ Kd8 41. Rg7 g3 42. Kb5 Re6 43. Bd5 Rd6 44. Kb4 Rf6 45. Kc3 Rd6 46. Kd4 g2 47. Ke5 Rxd5+ 48. cxd5 Re1+ 49. Kd6 g1=Q 50. Rxg1 Rxg1 51. Kc6 Rd1 52. c4 Rd4 53. c5 bxc5 54. Kxc5 Rd2 55. d6 Kd7 56. Kc4 Rxd6 57. Kc3 Rd5 58. Kc4 Kc6 59. Kc3 Rc5+ 60. Kb3 Kd5 61. Kb4 Kd4 62. Kb3 Rb5+ 63. Kc2 Kc4 64. Kd2 Rb3 65. Kc1 Ra3 66. Kc2 Ra2+ 67. Kb1 Kb3 68. Kc1 Kc3 69. Kb1 Ra3 70. Kc1 Ra1# 0-1


[Site "https://www.chess.com"]

[Event "Titled Tuesday Blitz August 24 2021"]
[White "Farahat, Ali"]
[Black "Skliarov, Viktor"]
[WhiteFideId "10600507"]
[BlackFideId "14106736"]
[WhiteElo "2321"]
[BlackElo "2281"]
[Result "1-0"]
[Round "02"]
[TimeControl "180+1"]
[Date "2021.08.24"]
[WhiteClock "0:00:26"]
[BlackClock "0:00:16"]

1. e4 c5 2. Nf3 Nc6 3. Bb5 e6 4. O-O Nge7 5. d4 cxd4 6. Nxd4 Qb6 7. Nxc6 dxc6 8. Bd3 Ng6 9. Nd2 Qc7 10. a4 Bd6 11. Kh1 h5 12. h3 Nf4 13. Nc4 g5 14. Nxd6+ Qxd6 15. Bc4 Qe5 16. Qf3 Bd7 17. Bd2 Rh7 18. b4 O-O-O 19. b5 c5 20. h4 f6 21. a5 Ng6 22. hxg5 fxg5 23. Bc3 Qf4 24. Qxf4 Nxf4 25. b6 a6 26. Rfd1 Bc6 27. Rxd8+ Kxd8 28. f3 g4 29. Be5 Ng6 30. Bf6+ Ke8 31. Rd1 gxf3 32. gxf3 Nf4 33. Bg5 e5 34. Rd8# 1-0


[Site "https://www.chess.com"]

[Event "Titled Tuesday Blitz August 24 2021"]
[White "Florescu, Codrut-Constantin"]
[Black "Sarana, Alexey"]
[WhiteFideId "1202200"]
[BlackFideId "24133795"]
[WhiteElo "2243"]
[BlackElo "2646"]
[Result "0-1"]
[Round "02"]
[TimeControl "180+1"]
[Date "2021.08.24"]
[WhiteClock "0:00:20"]
[BlackClock "0:00:59"]

1. d4 Nf6 2. c4 e6 3. Nf3 d5 4. Nc3 dxc4 5. e3 a6 6. Bxc4 b5 7. Bd3 c5 8. O-O Bb7 9. Re1 Nbd7 10. a3 Bd6 11. Ne2 O-O 12. Ng3 cxd4 13. exd4 Rc8 14. Bg5 Qb6 15. Qe2 h6 16. Be3 Nd5 17. Bd2 Nf4 18. Bxf4 Bxf4 19. Rad1 Bxg3 20. hxg3 Rfd8 21. g4 Nf6 22. g5 hxg5 23. Nxg5 Rxd4 24. Bg6 Rg4 25. Bxf7+ Kf8 26. Bxe6 Rxg2+ 27. Kf1 Rxg5 28. Bxc8 Bg2+ 29. Kg1 Bf3+ 30. Kh2 Qc7+ 0-1


[Site "https://www.chess.com"]

[Event "Titled Tuesday Blitz August 24 2021"]
[White "Golubev, Mikhail"]
[Black "Postny, Evgeny"]
[WhiteFideId "14100983"]
[BlackFideId "2804344"]
[WhiteElo "2514"]
[BlackElo "2760"]
[Result "0-1"]
[Round "02"]
[TimeControl "180+1"]
[Date "2021.08.24"]
[WhiteClock "0:00:02"]
[BlackClock "0:00:01"]

1. e4 c6 2. d4 d5 3. e5 Bf5 4. h4 h5 5. c4 e6 6. Nc3 Ne7 7. Bg5 Nd7 8. Nge2 Bg4 9. f3 Bf5 10. cxd5 exd5 11. Ng3 Be6 12. f4 Bg4 13. Bxe7 Bxe7 14. Be2 Bxh4 15. Kf2 Bxe2 16. Qxe2 Nf8 17. f5 Bxg3+ 18. Kxg3 Qg5+ 19. Kf3 Qxf5+ 20. Ke3 Ne6 21. Qf3 Qg5+ 22. Kd3 Qg6+ 23. Ke3 O-O-O 24. Raf1 Rdf8 25. Qf5 Qg3+ 26. Rf3 Qxg2 27. Rxh5 g6 28. Qh3 Qxh3 29. Rhxh3 Rxh3 30. Rxh3 Kd7 31. Nd1 Ke7 32. Nf2 Ng7 33. Ng4 Nf5+ 34. Kd3 Ke6 35. Nf6 b6 36. b4 Ra8 37. Rh1 a5 38. Rc1 Ne7 39. b5 Rc8 40. bxc6 Rxc6 41. Rb1 Nf5 42. Rb5 g5 43. Nxd5 g4 44. Nf4+ Ke7 45. d5 Rc5 46. d6+ Kd7 47. Rxb6 Rxe5 48. Rb7+ Kxd6 49. Rxf7 Kc6 50. Rf6+ Kc5 51. Ne6+ Kb5 52. Rg6 Kb4 53. Rxg4+ Ka3 54. Nd4 Rd5 55. Kc4 Ne3+ 0-1


[Site "https://www.chess.com"]

[Event "Titled Tuesday Blitz August 24 2021"]
[White "Goryachkina, Aleksandra"]
[Black "Koridze, Lile"]
[WhiteFideId "4147103"]
[BlackFideId "13612514"]
[WhiteElo "2441"]
[BlackElo "1978"]
[Result "1-0"]
[Round "02"]
[TimeControl "180+1"]
[Date "2021.08.24"]
[WhiteClock "0:00:09"]
[BlackClock "0:00:04"]

1. e4 c5 2. Nf3 d6 3. Bb5+ Nd7 4. Ba4 a6 5. c4 Nf6 6. O-O g6 7. Nc3 Bg7 8. d3 O-O 9. a3 Ne5 10. h3 Rb8 11. Nxe5 dxe5 12. b4 Qd6 13. Rb1 Rd8 14. Bc2 b6 15. Be3 Nd7 16. Qc1 a5 17. bxa5 bxa5 18. Rxb8 Qxb8 19. Qa1 Qc7 20. Rb1 Ba6 21. Rb2 e6 22. Qb1 Nb8 23. Rb6 Bf8 24. Na4 Qc8 25. Bxc5 Nd7 26. Bxf8 Nxf8 27. Rb2 Nd7 28. Nb6 Nxb6 29. Rxb6 Kg7 30. Ba4 Rd4 31. Rc6 Qb7 32. Qxb7 Bxb7 33. Rc7 Ba6 34. Bc2 a4 35. Kf1 Kf6 36. Ke2 Rd6 37. Bxa4 Rb6 38. Be8 Rb2+ 39. Kf3 Rb3 40. Ke3 Kg5 41. Bxf7 Rxa3 42. Bxe6 Kf6 43. Bd5 Bc8 44. Rxc8 1-0


[Site "https://www.chess.com"]

[Event "Titled Tuesday Blitz August 24 2021"]
[White "Grafil, Franz Robert"]
[Black "Lazavik, Denis"]
[WhiteFideId "5205298"]
[BlackFideId "13515110"]
[WhiteElo "2211"]
[BlackElo "2436"]
[Result "0-1"]
[Round "02"]
[TimeControl "180+1"]
[Date "2021.08.24"]
[WhiteClock "0:00:02"]
[BlackClock "0:00:04"]

1. d4 Nf6 2. c4 e6 3. g3 d5 4. Nf3 Be7 5. Bg2 O-O 6. O-O dxc4 7. Qa4 a6 8. Qxc4 b5 9. Qc2 Bb7 10. Bd2 Be4 11. Qc1 Nc6 12. e3 b4 13. Rd1 Qd5 14. Nh4 Bxg2 15. Nxg2 e5 16. a3 exd4 17. axb4 Ne5 18. Ra5 Nf3+ 19. Kh1 c5 20. exd4 Ng4 21. Be3 Qh5 22. h4 g5 23. Nd2 Nxe3 24. Nxf3 Qxf3 25. fxe3 Qxg3 26. Rf1 gxh4 27. Qe1 Qh3+ 28. Kg1 Kh8 29. bxc5 Rg8 30. Rf2 Rg3 31. b4 Rag8 32. Raa2 Qg4 33. Qe2 Qg5 34. Kh2 h3 35. Nf4 Rg1 36. Nxh3 Qg3# 0-1


[Site "https://www.chess.com"]

[Event "Titled Tuesday Blitz August 24 2021"]
[White "Holt, Conrad"]
[Black "Harshavardhan G B"]
[WhiteFideId "2034387"]
[BlackFideId "25059009"]
[WhiteElo "2586"]
[BlackElo "1825"]
[Result "0-1"]
[Round "02"]
[TimeControl "180+1"]
[Date "2021.08.24"]
[WhiteClock "0:00:15"]
[BlackClock "0:00:18"]

1. d4 d6 2. Nf3 Nf6 3. c4 Nbd7 4. Nc3 e5 5. e4 Be7 6. Bd3 O-O 7. O-O c6 8. h3 Qc7 9. Be3 Rd8 10. Rc1 Nf8 11. b4 a5 12. b5 Ng6 13. b6 Qd7 14. Re1 Qe8 15. d5 c5 16. Nb5 Qf8 17. Nc7 Rb8 18. Qa4 Nh5 19. Qxa5 Nhf4 20. Bb1 f5 21. Ne6 Nxe6 22. exf5 Nd4 23. Bxd4 Bxf5 24. Bxf5 Qxf5 25. Be3 Rf8 26. Qd2 Ra8 27. Bg5 Bxg5 28. Nxg5 Nf4 29. Ne4 Ra6 30. Rb1 Rfa8 31. g3 Rxa2 32. Qe3 Nxh3+ 33. Kg2 Nxf2 34. Nxf2 R8a3 0-1


[Site "https://www.chess.com"]

[Event "Titled Tuesday Blitz August 24 2021"]
[White "Hovhannisyan, Robert"]
[Black "Kavyev, Ruslan"]
[WhiteFideId "13302507"]
[BlackFideId "34110981"]
[WhiteElo "2669"]
[BlackElo "2172"]
[Result "1-0"]
[Round "02"]
[TimeControl "180+1"]
[Date "2021.08.24"]
[WhiteClock "0:01:42"]
[BlackClock "0:00:50"]

1. Nc3 c5 2. Nf3 Nf6 3. e4 d6 4. d4 cxd4 5. Nxd4 a6 6. Be3 e5 7. Nf3 Be7 8. Bc4 O-O 9. O-O Qc7 10. Nd5 Nxd5 11. Bxd5 Be6 12. c4 Nd7 13. Rc1 Nf6 14. Qb3 Bxd5 15. cxd5 Qd7 16. Nd2 Ng4 17. Bb6 Bd8 18. f3 Nf6 19. Rc3 Nh5 20. g3 f5 21. exf5 Qxf5 22. Ne4 Qg6 23. Bxd8 Raxd8 24. Qxb7 Rxf3 25. Rcxf3 Qxe4 26. Qf7+ Kh8 27. Qf8+ 1-0


[Site "https://www.chess.com"]

[Event "Titled Tuesday Blitz August 24 2021"]
[White "Ibrahimli, Murad"]
[Black "Damjanovic, Vladimir"]
[WhiteFideId "13410229"]
[BlackFideId "903795"]
[WhiteElo "2786"]
[BlackElo "2529"]
[Result "0-1"]
[Round "02"]
[TimeControl "180+1"]
[Date "2021.08.24"]
[WhiteClock "0:00:05"]
[BlackClock "0:00:05"]

1. c4 Nf6 2. Nc3 e6 3. e4 e5 4. Nf3 Nc6 5. d3 Bb4 6. g3 d6 7. Bg2 O-O 8. O-O h6 9. Nd5 a5 10. h3 Bc5 11. Be3 Nd4 12. Bxd4 exd4 13. Nxf6+ Qxf6 14. Nd2 c6 15. f4 a4 16. a3 Qe7 17. Qh5 Ra5 18. Qf3 b5 19. Rae1 b4 20. axb4 Bxb4 21. Re2 a3 22. bxa3 Rxa3 23. f5 Bxd2 24. Rxd2 Qg5 25. Re2 Ba6 26. h4 Qf6 27. Rc1 Rb8 28. Bf1 Rbb3 29. Rf2 Rc3 30. Qd1 Qe5 31. Rg2 d5 32. cxd5 cxd5 33. Rxc3 dxc3 34. exd5 Qxd5 35. Re2 Qxf5 36. Re8+ Kh7 37. Bg2 Bxd3 38. Qe1 c2 39. Re3 g6 40. Rf3 Qe6 41. Qc1 Rb3 42. Kh2 Rb1 43. Qf4 c1=Q 44. Qxf7+ Qxf7 45. Rxf7+ Kg8 46. Rd7 Qg1+ 47. Kh3 Bf5+ 48. g4 Rb3+ 0-1


[Site "https://www.chess.com"]

[Event "Titled Tuesday Blitz August 24 2021"]
[White "Indjic, Aleksandar"]
[Black "Mezentsev, Ivan"]
[WhiteFideId "911925"]
[BlackFideId "13706195"]
[WhiteElo "2643"]
[BlackElo "2295"]
[Result "1-0"]
[Round "02"]
[TimeControl "180+1"]
[Date "2021.08.24"]
[WhiteClock "0:00:13"]
[BlackClock "0:00:01"]

1. e4 d5 2. exd5 Nf6 3. Bb5+ Bd7 4. Be2 Nxd5 5. d4 g6 6. c4 Nb6 7. Nc3 c6 8. h3 Bg7 9. Nf3 O-O 10. O-O Be6 11. b3 c5 12. Be3 Nc6 13. dxc5 Bxc3 14. cxb6 Bxa1 15. Qxa1 f6 16. bxa7 Nxa7 17. Nd4 Bf7 18. Bf3 Qc8 19. h4 Rd8 20. Qb2 e5 21. Nb5 Nxb5 22. cxb5 Bd5 23. Be2 Qf5 24. Rd1 Rac8 25. Bf1 Bf7 26. Rc1 Rxc1 27. Qxc1 Rc8 28. Qa3 Qd7 29. Qb4 Rc2 30. a4 Rb2 31. Bh6 Qe8 32. Bc4 Rb1+ 33. Kh2 Rd1 34. Qc5 Rd4 35. g3 Bxc4 36. bxc4 Rd7 37. Qb6 Qe7 38. c5 Rc7 39. Be3 f5 40. c6 bxc6 41. Qb8+ Kf7 42. b6 Rb7 43. Qh8 Ke6 44. a5 f4 45. Qg8+ Qf7 46. Qxf7+ Rxf7 47. gxf4 exf4 48. a6 fxe3 49. fxe3 Kd6 50. a7 Rf8 51. b7 1-0


[Site "https://www.chess.com"]

[Event "Titled Tuesday Blitz August 24 2021"]
[White "Isajevsky, Anton"]
[Black "Srihari L R"]
[WhiteFideId "4142500"]
[BlackFideId "46617116"]
[WhiteElo "2510"]
[BlackElo "2121"]
[Result "0-1"]
[Round "02"]
[TimeControl "180+1"]
[Date "2021.08.24"]
[WhiteClock "0:00:01"]
[BlackClock "0:00:16"]

1. c4 e5 2. g3 d6 3. Bg2 f5 4. Nc3 Nf6 5. d3 Be7 6. e3 O-O 7. Nge2 c6 8. O-O Be6 9. b3 a5 10. Bb2 Kh8 11. Qc2 Na6 12. a3 Rc8 13. Rad1 d5 14. Rc1 Re8 15. Qb1 Qb6 16. Qc2 e4 17. Nd4 Bd7 18. dxe4 fxe4 19. Rfd1 Nc5 20. Na4 Nxa4 21. bxa4 Rf8 22. Qb3 Qa6 23. cxd5 cxd5 24. Nb5 Bc6 25. h3 Qb6 26. Bd4 Qd8 27. Qb2 Qe8 28. Na7 Rb8 29. Nxc6 bxc6 30. Qc3 c5 31. Bxf6 Bxf6 32. Qxa5 d4 33. Qxc5 dxe3 34. Qxe3 Qxa4 35. Qxe4 Qxa3 36. Rc2 Rbe8 37. Qg4 Qb3 38. Rcd2 g6 39. h4 Re5 40. Kh2 Bg7 41. f4 Re3 42. Rd8 Ree8 43. Rxe8 Rxe8 44. h5 gxh5 45. Qxh5 Rf8 46. Rd7 Qb2 47. Qg4 Qf6 0-1


[Site "https://www.chess.com"]

[Event "Titled Tuesday Blitz August 24 2021"]
[White "Ivanisevic, Ivan"]
[Black "Tokhirjonova, Gulrukhbegim"]
[WhiteFideId "912417"]
[BlackFideId "14203626"]
[WhiteElo "2499"]
[BlackElo "2236"]
[Result "1-0"]
[Round "02"]
[TimeControl "180+1"]
[Date "2021.08.24"]
[WhiteClock "0:00:19"]
[BlackClock "0:00:06"]

1. d4 Nf6 2. c4 e6 3. Nc3 Bb4 4. e3 O-O 5. Bd3 d5 6. cxd5 exd5 7. Ne2 c6 8. O-O Re8 9. f3 Nbd7 10. e4 dxe4 11. fxe4 c5 12. e5 cxd4 13. exf6 dxc3 14. fxg7 Qb6+ 15. Kh1 Ne5 16. bxc3 Bg4 17. Qb3 Bxc3 18. Bxh7+ Kxh7 19. Qc2+ Kxg7 20. Nxc3 Rac8 21. Bf4 Qd4 22. Nb5 Qxa1 23. Qf2 Qxf1+ 24. Qxf1 Ng6 25. h3 Be2 26. Qa1+ Kh7 27. Qf6 Rf8 28. Nd6 Rc6 29. Be5 Nxe5 30. Qxe5 Ba6 31. Qe7 Kg8 32. Qg5+ Kh8 33. Qh4+ Kg8 34. Nf5 Rg6 35. Ne7+ Kg7 36. Nxg6 fxg6 37. Qd4+ Rf6 38. Kh2 Kf7 39. g4 b5 40. Kg3 Re6 41. h4 Bb7 42. h5 gxh5 43. gxh5 a6 44. Qa7 Re7 45. Kf4 Re4+ 46. Kf5 Re7 47. Qc5 Be4+ 48. Kg5 Bh7 49. Qf2+ Kg7 50. Qf6+ 1-0


[Site "https://www.chess.com"]

[Event "Titled Tuesday Blitz August 24 2021"]
[White "Janaszak, Dawid"]
[Black "Anuj Shrivatri"]
[WhiteFideId "1119206"]
[BlackFideId "35070924"]
[WhiteElo "2332"]
[BlackElo "2038"]
[Result "0-1"]
[Round "02"]
[TimeControl "180+1"]
[Date "2021.08.24"]
[WhiteClock "0:01:52"]
[BlackClock "0:01:47"]

1. e4 d6 2. Nc3 Nf6 3. d4 g6 4. Bf4 a6 5. Qd2 b5 6. f3 Nbd7 7. e5 b4 8. Nce2 Nd5 9. Bg3 N7b6 10. Nf4 Bh6 11. Ngh3 Bxh3 12. gxh3 e6 13. c4 bxc3 14. bxc3 Nxf4 15. Bxf4 Qh4+ 16. Kd1 Qxf4 17. Qd3 Qe3 18. Rb1 dxe5 19. Qxe3 Bxe3 20. dxe5 Rd8+ 21. Ke2 Bf4 22. Rb4 Bxe5 23. c4 Bd6 0-1


[Site "https://www.chess.com"]

[Event "Titled Tuesday Blitz August 24 2021"]
[White "Kadric, Denis"]
[Black "Cremisi, Daniel"]
[WhiteFideId "14403803"]
[BlackFideId "2089882"]
[WhiteElo "2758"]
[BlackElo "2511"]
[Result "1-0"]
[Round "02"]
[TimeControl "180+1"]
[Date "2021.08.24"]
[WhiteClock "0:00:18"]
[BlackClock "0:00:11"]

1. d3 Nf6 2. Nd2 d5 3. e4 dxe4 4. dxe4 g6 5. Ngf3 Bg7 6. c3 O-O 7. Be2 Nfd7 8. O-O b6 9. a4 a5 10. Qc2 Ba6 11. Bxa6 Nxa6 12. Rd1 Qc8 13. Nb3 Ne5 14. Nxe5 Bxe5 15. Bh6 Bg7 16. Bxg7 Kxg7 17. Rd4 Rd8 18. Rad1 Rxd4 19. Rxd4 Qe8 20. Qd1 c5 21. Rd7 Nb8 22. Rb7 Qxa4 23. Rxb6 Nd7 24. Rb7 Rd8 25. h3 c4 26. Qd4+ e5 27. Qd6 cxb3 28. Qe7 Qc6 29. Ra7 Qc8 30. Rxa5 Kg8 31. Rd5 Qa8 32. Kh2 Qc8 33. c4 Rf8 34. Rxd7 Qxc4 35. Qxe5 Qe2 36. f3 Qe3 37. Rb7 h5 38. Qc3 Qf4+ 39. g3 Qd6 40. h4 Rd8 41. Qxb3 Qd2+ 42. Kh3 Rf8 43. Rc7 Qe1 44. Qc2 Qh1+ 45. Qh2 Qxf3 46. Qg2 Qg4+ 47. Kh2 Rd8 48. Rc2 Qe6 49. b4 Qb6 50. Rb2 Rd4 51. b5 Rd7 52. Qf2 Qb7 53. Qe3 Rd6 54. b6 Re6 55. e5 Re7 56. Kg1 Re6 57. Kf2 Re7 58. Qf3 Re6 59. Qxb7 1-0


[Site "https://www.chess.com"]

[Event "Titled Tuesday Blitz August 24 2021"]
[White "Kamsky, Gata"]
[Black "Aldokhin, Ivan"]
[WhiteFideId "2000024"]
[BlackFideId "24115720"]
[WhiteElo "2644"]
[BlackElo "2306"]
[Result "0-1"]
[Round "02"]
[TimeControl "180+1"]
[Date "2021.08.24"]
[WhiteClock "0:00:10"]
[BlackClock "0:00:07"]

1. e4 c5 2. Nc3 e6 3. Nf3 Nc6 4. Bb5 Nd4 5. Bc4 a6 6. a3 Qc7 7. O-O Nf6 8. h3 h5 9. d3 Ng4 10. Re1 Be7 11. Ba2 b5 12. e5 Bb7 13. hxg4 Nxf3+ 14. gxf3 hxg4 15. Ne4 Qxe5 16. Ng3 Qf6 17. fxg4 Qh4 18. Re4 Bd6 19. Qf3 Qh2+ 20. Kf1 Bxg3 21. Qxg3 Qh1+ 22. Ke2 Bxe4 23. dxe4 Qxe4+ 24. Kd2 Rh1 25. Qe3 Qxg4 26. Qe2 Qd4+ 27. Qd3 Qxf2+ 28. Kc3 Qf6+ 29. Kd2 Rh2+ 30. Kd1 Qf2 31. Bd2 Rh1+ 0-1


[Site "https://www.chess.com"]

[Event "Titled Tuesday Blitz August 24 2021"]
[White "Kekelidze, Mikheil"]
[Black "Itkis, Boris"]
[WhiteFideId "13600818"]
[BlackFideId "1209167"]
[WhiteElo "2387"]
[BlackElo "2226"]
[Result "1-0"]
[Round "02"]
[TimeControl "180+1"]
[Date "2021.08.24"]
[WhiteClock "0:01:14"]
[BlackClock "0:00:05"]

1. d4 d5 2. c4 dxc4 3. e4 b5 4. a4 c6 5. Nf3 Bb7 6. b3 e5 7. axb5 Bb4+ 8. Bd2 Bxd2+ 9. Qxd2 cxb5 10. Nxe5 Bxe4 11. Nc3 Nf6 12. bxc4 O-O 13. Nxb5 Re8 14. f3 Bb7 15. Be2 Nc6 16. Nxc6 Bxc6 17. Nc3 Nh5 18. O-O Qh4 19. Rf2 Nf4 20. Bf1 Bd7 21. g3 Nh3+ 22. Bxh3 Qxh3 23. Re1 g6 24. Rfe2 Qf5 25. Ne4 Bc6 26. d5 Bd7 27. Qd4 Rec8 28. Nf6+ Kf8 29. Nxh7+ 1-0


[Site "https://www.chess.com"]

[Event "Titled Tuesday Blitz August 24 2021"]
[White "Keso, Elias"]
[Black "Drozdowski, Kacper"]
[WhiteFideId "514942"]
[BlackFideId "1136720"]
[WhiteElo "2530"]
[BlackElo "2788"]
[Result "0-1"]
[Round "02"]
[TimeControl "180+1"]
[Date "2021.08.24"]
[WhiteClock "0:01:29"]
[BlackClock "0:00:44"]

1. f4 g6 2. Nf3 Bg7 3. c4 d6 4. Nc3 e5 5. e4 Nc6 6. d3 Bg4 7. Be2 Nge7 8. O-O Bxf3 9. Bxf3 O-O 10. Rb1 Nd4 11. b4 a5 12. b5 exf4 13. Nd5 Nxd5 14. cxd5 Be5 15. Qa4 f5 16. Bb2 fxe4 17. dxe4 Nxf3+ 18. Rxf3 Qf6 19. Bxe5 Qxe5 20. Rc1 Rf7 21. Rc4 b6 22. Qc2 Qe7 23. Rfc3 Rc8 24. Rc6 Qe5 25. Rxc7 Rcxc7 26. Rxc7 Rxc7 27. Qxc7 Qxe4 28. Qxd6 Qe1# 0-1


[Site "https://www.chess.com"]

[Event "Titled Tuesday Blitz August 24 2021"]
[White "Kislov, Oleg"]
[Black "Balakrishnan, Praveen"]
[WhiteFideId "13503774"]
[BlackFideId "2064871"]
[WhiteElo "2534"]
[BlackElo "2793"]
[Result "0-1"]
[Round "02"]
[TimeControl "180+1"]
[Date "2021.08.24"]
[WhiteClock "0:00:59"]
[BlackClock "0:01:04"]

1. e4 c6 2. d4 d5 3. Nc3 dxe4 4. Nxe4 Bf5 5. Ng3 Bg6 6. N1e2 Nf6 7. Nf4 e5 8. Nxg6 hxg6 9. Be3 Nbd7 10. Bc4 Bd6 11. Qe2 O-O 12. O-O-O b5 13. Bb3 a5 14. dxe5 Bxe5 15. a3 Qc7 16. Qd3 a4 17. Ba2 b4 18. axb4 a3 19. bxa3 Rfb8 20. Qxg6 Nf8 21. Qd3 Nd5 22. Bxd5 cxd5 23. Bd4 Bxd4 24. Qxd4 Rxa3 25. Kb2 Ne6 26. Qxd5 Qc3+ 0-1


[Site "https://www.chess.com"]

[Event "Titled Tuesday Blitz August 24 2021"]
[White "Kowalczyk, Pawel"]
[Black "Stepak, Yedael"]
[WhiteFideId "1130641"]
[BlackFideId "2800454"]
[WhiteElo "2325"]
[BlackElo "2146"]
[Result "1-0"]
[Round "02"]
[TimeControl "180+1"]
[Date "2021.08.24"]
[WhiteClock "0:00:58"]
[BlackClock "0:00:03"]

1. a3 Nf6 2. b4 g6 3. Bb2 Bg7 4. h3 O-O 5. g4 a5 6. b5 c6 7. a4 d5 8. Bg2 Qe8 9. Na3 e5 10. Nf3 Nfd7 11. Rb1 e4 12. Nd4 c5 13. Nb3 Bxb2 14. Rxb2 Qe5 15. Rb1 c4 16. Nc1 Nc5 17. c3 f5 18. gxf5 gxf5 19. O-O f4 20. f3 Qg5 21. Kh1 Rf6 22. Rg1 Kh8 23. fxe4 Rh6 24. Qf1 Qg3 25. Qf3 Nxe4 26. Qxg3 Nxg3+ 27. Kh2 Bf5 28. d3 Nd7 29. Bxd5 Bxh3 30. Rxg3 fxg3+ 31. Kxg3 Nf6 32. Bxc4 Bf1 33. Kf2 Rf8 34. Ke3 Ng4+ 35. Kd2 Rh2 36. d4 Re8 37. b6 Ne3 38. Bd3 Nd5 39. Nc4 Rc8 40. Rb5 Nf4 41. Nxa5 Nxd3 42. Kxd3 Re8 43. Nxb7 Rexe2 44. Nxe2 Bxe2+ 45. Ke4 Bxb5 46. axb5 Rb2 47. Nd6 Rg2 48. b7 Rg8 49. Nc8 1-0


[Site "https://www.chess.com"]

[Event "Titled Tuesday Blitz August 24 2021"]
[White "Kucuksari, Kaan"]
[Black "Tiglon, Bryce"]
[WhiteFideId "6380166"]
[BlackFideId "2087456"]
[WhiteElo "2551"]
[BlackElo "2830"]
[Result "1-0"]
[Round "02"]
[TimeControl "180+1"]
[Date "2021.08.24"]
[WhiteClock "0:00:35"]
[BlackClock "0:00:07"]

1. d4 d5 2. Nf3 Nf6 3. c4 e6 4. g3 Bb4+ 5. Bd2 Be7 6. Bg2 O-O 7. O-O Nbd7 8. Qc2 c6 9. b3 b6 10. Nc3 Ba6 11. Rfd1 Rc8 12. Qb2 dxc4 13. Ne5 Nd5 14. bxc4 Nxc3 15. Bxc3 Nxe5 16. dxe5 Qc7 17. Rd4 Bc5 18. Rh4 Be7 19. Rg4 Rfd8 20. Rf1 c5 21. Qc1 Bb7 22. Qh6 g6 23. h4 Bxg2 24. Kxg2 Bf8 25. Qg5 h6 26. Qe3 h5 27. Re4 a6 28. a4 Qc6 29. Kh2 Ra8 30. g4 hxg4 31. Rxg4 Kh7 32. Rfg1 Bh6 33. Qg3 b5 34. h5 Rg8 35. hxg6+ fxg6 36. Rxg6 Qe8 37. Rxh6+ Kxh6 38. Qh4+ Qh5 39. Bd2+ Rg5 40. Bxg5+ Kg6 41. Bf6+ 1-0


[Site "https://www.chess.com"]

[Event "Titled Tuesday Blitz August 24 2021"]
[White "Kuzubov, Yuriy"]
[Black "Suder, Jakub"]
[WhiteFideId "14112906"]
[BlackFideId "1195310"]
[WhiteElo "2564"]
[BlackElo "2085"]
[Result "1-0"]
[Round "02"]
[TimeControl "180+1"]
[Date "2021.08.24"]
[WhiteClock "0:01:10"]
[BlackClock "0:01:28"]

1. e4 c5 2. Nf3 Nc6 3. Bb5 Nf6 4. Nc3 Qc7 5. O-O Nd4 6. Re1 a6 7. Bf1 Ng4 8. g3 Nxf3+ 9. Qxf3 Ne5 10. Qd1 d6 11. Bg2 e6 12. d3 g6 13. Ne2 Bg7 14. c3 O-O 15. d4 Nc6 16. Be3 b6 17. Rc1 Bb7 18. b4 cxb4 19. cxb4 Qd7 20. d5 exd5 21. exd5 Ne5 22. Bxb6 Qb5 23. Bd4 Rac8 24. Nc3 Qxb4 25. Rb1 Qxd4 26. Qxd4 Nf3+ 27. Bxf3 Bxd4 28. Ne2 Bc3 29. Rec1 1-0


[Site "https://www.chess.com"]